 Seeded DCSS version 0.28.0-62-gf88900778d (webtiles) character file.

Game seed: 7525391049535536568 (custom seed)

13078 tkbsonic5 the Severer (level 11, -6/99 HPs)
             Began as a Minotaur Fighter on Jan 3, 2024.
             Mangled by a seven-headed hydra (8 damage)
             ... while paralysed by a floating eye
             ... on level 10 of the Dungeon.
             The game lasted 00:19:10 (11471 turns).

tkbsonic5 the Severer (Minotaur Fighter)           Turns: 11471, Time: 00:19:12

Health: -6/99      AC: 22    Str: 19    XL:     11   Next: 70%
Magic:  10/10      EV:  2    Int:  5    God:
Gold:   275        SH:  0    Dex: 13    Spells: 10/10 levels left

rFire   + + .      SeeInvis .   k - +8 war axe of Dishonour {vorpal, rElec rF+ Will++ Str-5 Stlth-, VELLY VEL (+8!!!, 19+++V!!!)}
rCold   . . .      Faith    .   c - +0 buckler {bad bitch ##}
rNeg    . . .      Spirit   .   j - +0 plate armour {makeup hair and bs}
rPois   .          Reflect  .   (helmet restricted)
rElec   +          Harm     .   I - +0 cloak
rCorr   .          Rampage  .   A - +2 pair of gloves of Segaf {rF+ Regen+ Dex+2 Stlth+}
Will    ++...                   (no boots)
Stlth   ..........              (no amulet)
HPRegen 1.06/turn               f - +4 ring of protection
MPRegen 0.12/turn               (no ring)

@: paralysed, about to teleport, studying Shields
A: horns 2, retaliatory headbutt
a: no special abilities


You were on level 10 of the Dungeon.
You visited 1 branch of the dungeon, and saw 11 of its levels.
You also visited: Sewer.

You collected 528 gold pieces.
You spent 253 gold pieces at shops.

Inventory:

Hand Weapons
 a - a +0 war axe of protection
 h - a +1 dagger of speed
 k - the +8 war axe of Dishonour (weapon) {vorpal, rElec rF+ Will++ Str-5 Stlth-, VELLY VEL (+8!!!, 19+++V!!!)}
   (You found it on level 2 of the Dungeon)

   It inflicts extra damage upon your enemies.
   Str:       It affects your strength (-5).
   rF:        It protects you from fire.
   rElec:     It insulates you from electricity.
   Will:      It greatly increases your willpower.
   Stlth:     It makes you less stealthy.
 v - a +1 broad axe of venom
Missiles
 d - a silver boomerang (quivered) {Trisserangs}
 D - 6 boomerangs of dispersal
Armour
 b - a +0 scale mail
 c - a +0 buckler (worn) {bad bitch ##}
 i - a +0 troll leather armour
 j - a +0 plate armour (worn) {makeup hair and bs}
 n - a +1 leather armour of poison resistance
 A - the +2 pair of gloves of Segaf (worn) {rF+ Regen+ Dex+2 Stlth+}
   (You acquired it on level 8 of the Dungeon)

   Dex:       It affects your dexterity (+2).
   rF:        It protects you from fire.
   Regen:     It increases your rate of health regeneration.
   Stlth:     It makes you more stealthy.
 B - a scarf of resistance
 I - a +0 cloak (worn)
Jewellery
 f - a +4 ring of protection (left hand)
 r - an amulet of faith
 N - a ring of willpower
 P - a +6 ring of intelligence
Wands
 x - a wand of iceblast (8)
 z - a wand of acid (13)
 C - a wand of mindburst (9)
 F - a wand of digging (6)
Scrolls
 g - a scroll of summoning {unknown}
 m - a scroll of immolation {unknown}
 o - 2 scrolls of amnesia
 y - a scroll of magic mapping {unknown}
 H - 2 scrolls of fog {unknown}
 J - a scroll of teleportation
 K - a scroll of identify
 L - a scroll of enchant weapon {unknown}
 M - a scroll of torment {unknown}
Potions
 e - 2 potions of magic
 l - 5 potions of curing
 p - 4 potions of lignification
 s - a potion of invisibility
 t - 2 potions of cancellation
 u - 3 potions of mutation {unknown}
 w - a potion of brilliance {unknown}
 E - 2 potions of flight
 G - a potion of attraction
 O - a potion of haste {unknown}


   Skills:
 * Level 9.9 Fighting
 + Level 16.6 Axes
 + Level 5.4 Throwing
 * Level 8.8 Armour
 - Level 7.1 Dodging
 - Level 10.6 Shields
 + Level 1.4 Evocations


You had 10 spell levels left.
You didn't know any spells.
Your spell library contained the following spells:

 Spells                   Type           Power      Damage    Failure   Level
 Magic Dart               Conj           0%         1d3       100%        1
 Call Imp                 Summ           0%         N/A       100%        2
 Ensorcelled Hibernation  Hex/Ice        0%         N/A       100%        2
 Passwall                 Tmut/Erth      0%         N/A       100%        2
 Inner Flame              Hex/Fire       0%         N/A       100%        3
 Mephitic Cloud           Conj/Pois/Air  0%         N/A       100%        3
 Swiftness                Air            0%         N/A       100%        3
 Cause Fear               Hex            0%         N/A       100%        4
 Summon Forest            Summ/Tloc      0%         N/A       100%        5
 Summon Mana Viper        Hex/Summ       0%         N/A       100%        5
 Summon Cactus Giant      Summ           0%         N/A       100%        6
 Discord                  Hex            0%         N/A       100%        8


Dungeon Overview and Level Annotations

Branches:
Dungeon (11/15)             Sewer (visited)
 Temple: D:4-7         Lair: D:8-11         Orc: D:9-12

Altars:
Ashenzari
Hepliaklqana
Makhleb

Shops:
D:7 (   D:8 **(=[


Innate Abilities, Weirdness & Mutations

You have a pair of horns on your head.
You reflexively headbutt those who attack you in melee.


Message History

The seven-headed hydra closely misses you.
The seven-headed hydra bites you!
The seven-headed hydra bites you but does no damage. x3
The seven-headed hydra barely misses you.
The floating eye seems to glare at you.
The seven-headed hydra bites you but does no damage. x2
The seven-headed hydra bites you.
The seven-headed hydra bites you but does no damage.
You block the seven-headed hydra's attack.
The seven-headed hydra bites you but does no damage.
The seven-headed hydra bites you.
There is an open door, spattered with blood here.
You see here a +0 mace.
As you read the scroll labelled OKIZ WOPOHYCK, it crumbles to dust.
You feel strangely unstable.
It was a scroll of teleportation.
The floating eye gazes piercingly through you!
You suddenly lose the ability to move!
The seven-headed hydra bites you.
The seven-headed hydra bites you but does no damage. x2
The seven-headed hydra bites you!
* * * LOW HITPOINT WARNING * * *
The seven-headed hydra bites you but does no damage.
The seven-headed hydra bites you!
* * * LOW HITPOINT WARNING * * *
The seven-headed hydra bites you but does no damage.
The floating eye's view fixates on you.
The seven-headed hydra bites you but does no damage. x3
The seven-headed hydra bites you.
* * * LOW HITPOINT WARNING * * *
The seven-headed hydra bites you.
* * * LOW HITPOINT WARNING * * *
The seven-headed hydra bites you.
* * * LOW HITPOINT WARNING * * *
The seven-headed hydra bites you but does no damage.
The seven-headed hydra completely misses you.
The seven-headed hydra bites you but does no damage. x2
The seven-headed hydra bites you.
* * * LOW HITPOINT WARNING * * *
The seven-headed hydra bites you but does no damage.
The seven-headed hydra bites you!
You die...

........#..........#....#........
........#..........#....#........
........#..........#....#........
####'####..........#....#........
........'..........#....#........
........##########'#....#........
................#.......#........
................#(......#........
........).......@D......#........
................#G......#........
................#.......#........
................#.......#........
#################################


You could see a seven-headed hydra and a floating eye (charged).

Vanquished Creatures
  A two-headed ogre (D:11)
  Pikel (D:8)
  A gargoyle (D:10)
  A komodo dragon (D:11)
  A troll (D:6)
  2 hornets
  A meliai zombie (D:10)
  A shadow (D:11)
  A wraith (D:11)
  16 yaks
  2 wyverns
  2 steam dragons
  Menkaure (D:7)
  A vampire mosquito (D:10)
  2 water moccasins (D:8)
  An acid dragon (D:8)
  A necrophage (D:4)
  3 sky beasts
  3 ice beasts
  5 orc warriors
  2 ogres (D:6)
  2 centaurs (D:10)
  A lemure (D:8)
  2 kobold brigands (Sewer)
  2 bullfrogs
  A water moccasin zombie (D:6)
  12 killer bees
  A water moccasin skeleton (D:6)
  5 wights (D:7)
  5 howler monkeys
  2 centaur zombies
  A bullfrog zombie (D:7)
  Crazy Yiuf (D:6)
  2 hounds
  2 jellies
  10 orc priests
  2 bullfrog skeletons (D:6)
  2 iguanas
  13 orc wizards
  A killer bee zombie (D:7)
  A hound skeleton (D:4)
  Robin (D:4)
  A howler monkey skeleton (D:6)
  7 adders
  8 river rats
  A shadow imp (D:6)
  5 worms
  A dart slug (D:4)
  33 orcs
  8 ball pythons
  5 endoplasms
  3 giant cockroaches
  12 goblins
  10 hobgoblins
  6 quokkas
  4 bats
  4 frilled lizards
  26 kobolds
  29 rats
281 creatures vanquished.

Notes
Turn   | Place    | Note
-------+----------+-------------------------------------------
     0 | D:1      | tkbsonic5 the Minotaur Fighter began the quest for the Orb.
     0 | D:1      | Reached XP level 1. HP: 19/19 MP: 0/0
    90 | D:1      | Found a faded altar of an unknown god.
   162 | D:1      | Reached XP level 2. HP: 21/27 MP: 1/1
   365 | D:1      | Reached skill level 1 in Dodging
   621 | D:2      | Reached skill level 3 in Axes
  1154 | D:2      | Reached XP level 3. HP: 31/33 MP: 2/2
  1221 | D:2      | Identified the +8 war axe of Dishonour {vorpal, rElec rF+
                  | Will++ Str-5 Stlth-}
  1913 | D:3      | Found a hazy altar of Hepliaklqana.
  1967 | D:3      | Reached XP level 4. HP: 38/40 MP: 3/3
  1979 | D:3      | Reached skill level 4 in Axes
  2045 | D:3      | Noticed a sky beast
  2058 | D:3      | Killed a sky beast
  2059 | D:3      | Reached XP level 5. HP: 30/46 MP: 4/4
  2620 | D:3      | Reached skill level 5 in Axes
  2736 | D:4      | Noticed Robin
  2746 | D:4      | Killed Robin
  2836 | D:4      | Identified 2 scrolls of acquirement
  2836 | D:4      | Acquired a manual of Shields
  2845 | D:4      | Reached skill level 5 in Shields
  2845 | D:4      | Reached XP level 6. HP: 51/52 MP: 5/5
  2852 | D:4      | Acquired a +4 ring of protection
  3029 | D:4      | Reached skill level 6 in Axes
  3269 | D:4      | Noticed an orc warrior
  3281 | D:4      | Killed an orc warrior
  3282 | D:4      | Reached XP level 7. HP: 22/58 MP: 6/6
  3737 | D:5      | Entered Level 5 of the Dungeon
  3737 | D:5      | You fall into a shaft and drop 1 floor!
  3750 | D:6      | Reached skill level 7 in Axes
  3844 | D:6      | Found a glowing drain.
  3868 | Sewer    | Entered a sewer
  3972 | Sewer    | Reached skill level 1 in Throwing
  5017 | Sewer    | Reached skill level 15 in Axes
  5017 | Sewer    | Reached XP level 8. HP: 67/67 MP: 7/7
  5018 | Sewer    | Reached skill level 16 in Axes
  5018 | Sewer    | Reached skill level 5 in Armour
  5018 | Sewer    | Reached skill level 5 in Dodging
  5018 | Sewer    | Reached skill level 10 in Shields
  5018 | Sewer    | Reached XP level 9. HP: 79/79 MP: 8/8
  5587 | D:6      | Noticed a troll
  5595 | D:6      | Reached XP level 10. HP: 79/86 MP: 9/9
  5782 | D:6      | Found a runed translucent door.
  5783 | D:6      | Noticed Crazy Yiuf
  5790 | D:6      | Killed Crazy Yiuf
  6013 | D:7      | Found Zuciydu's Weapon Shoppe.
  6077 | D:7      | Noticed Menkaure
  6081 | D:7      | Killed Menkaure
  6131 | D:7      | Found a broken altar of Ashenzari.
  6277 | D:7      | Acquired a +1 broad axe of venom
  6879 | D:8      | Found Yfryemn's Jewellery Shop.
  7499 | D:8      | Found Yhivosuw's General Store.
  7535 | D:8      | Bought a wand of mindburst (10) for 154 gold pieces
  7535 | D:8      | Bought a wand of iceblast (2) for 66 gold pieces
  7535 | D:8      | Bought a potion of lignification for 33 gold pieces
  7609 | D:8      | Found Tyiconomp's Antique Armour Shoppe.
  8012 | D:8      | Noticed Pikel
  8022 | D:8      | Killed Pikel
  8098 | D:8      | Found Ovishrou's Weapon Shop.
  8118 | D:8      | Reached XP level 11. HP: 93/95 MP: 10/10
  8178 | D:8      | Acquired the +2 pair of gloves of Segaf {rF+ Regen+ Dex+2
                  | Stlth+}
  8367 | D:8      | Found Beus's General Store.
  9038 | D:9      | Found a burning altar of Makhleb.
  9330 | D:10     | Entered Level 10 of the Dungeon
  9708 | D:10     | Reached skill level 5 in Throwing
 10161 | D:11     | Noticed a two-headed ogre
 10168 | D:11     | Killed a two-headed ogre
 10635 | D:11     | Reached skill level 1 in Evocations
 11328 | D:11     | Noticed a seven-headed hydra
 11461 | D:11     | Paralysed by a floating eye for 4 turns
 11469 | D:10     | Paralysed by a floating eye for 4 turns
 11471 | D:10     | HP: 2/99 [seven-headed hydra (5)]
 11471 | D:10     | Mangled by a seven-headed hydra

Illustrated notes

Levels and vault maps discovered:
D:1:      saegor_arrival_simple_a, layout_rooms,
          hellmonk_ecumenical_altar_inner_sanctum, serial_bayou_pond_b
D:2:      layout_basic
D:3:      layout_basic, mainiacjoe_overflow_chevrons
D:4:      minmay_general_purpose_star, layout_rooms, guppyfry_early_orc_mine,
          uniq_robin
D:5:      layout_basic, minmay_temple_entry_glassed_door,
          hangedman_decor_diamond_cutter, uniq_ijyb
D:6:      layout_cave_pools, portal_sewer_entry_e, hangedman_decor_riveting,
          uniq_crazy_yiuf_cottage
D:7:      layout_basic, mainiacjoe_overflow_six_doors_small, serial_shops, shop,
          uniq_menkaure
D:8:      layout_cave_pools, serial_shops, nicolae_shop_waterfront,
          nicolae_shop_statue_plus, shop, kennysheep_mini,
          nicolae_take_the_stairs, uniq_pikel
D:9:      layout_basic, lightli_temple_of_fire
D:10:     layout_grid_maze
D:11:     layout_long_grid, lair_entry_dummy, onia_ninara_cookie

Skill      XL: |  1  2  3  4  5  6  7  8  9 10 11 |
---------------+----------------------------------+-----
Dodging        | 1 2 3 4 5 7 |  7.1
Axes           | 3 4 5 6 15 16 | 16.6
Shields        | 4 5 6 7 10 | 10.6
Throwing       | 1 3 4 5 |  5.4
Fighting       | 4 7 8 9 |  9.9
Armour         | 5 7 8 |  8.8
Evocations     | 1 |  1.4

Action                   |  1- 3 |  4- 6 |  7- 9 | 10-12 || total
-------------------------+-------+-------+-------+-------++-------
Melee: War axe           |    71 |    98 |    97 |   289 ||   555
       Dagger            |    29 |       |       |       ||    29
       Headbutt          |    12 |     9 |     9 |    63 ||    93
Throw: Boomerang         |       |       |    19 |     7 ||    26
Evoke: Wand              |       |       |       |     9 ||     9
  Use: Scroll            |       |     4 |     4 |    10 ||    18
       Potion            |       |     1 |     2 |     5 ||     8
 Stab: Invisible         |       |       |       |    11 ||    11
Armor: Scale mail        |    26 |       |       |       ||    26
       Plate armour      |    16 |    57 |    58 |   182 ||   313
Dodge: Dodged            |    42 |    13 |    16 |    87 ||   158
Block: Buckler           |    22 |    25 |    24 |    62 ||   133
